woodfighter, chaotic female human Priestess ---- |..-- |...|---- |.|.--..| |.|.G@<.| |.|--..-- |.| |..| |.| |.| |)| -.-- .... --.-. |... --)-- |...- ---.. II |.[ woodfighter the Acolyte Experience level: 4 Strength: 12 Dexterity: 12 Constitution: 11 Intelligence: 19 Wisdom: 10 Charisma: 10 Health: 0(39) Energy: 32(32) Def: 4 Gold: 197 Moves: 991 Dungeon seed: NlbZWqyEZVO_UZtR Game ID: woodfighter_1578151066 Your Inventory: Coins $ - 197 gold pieces Amulets j - a cursed amulet of strangulation Weapons a - a blessed +1 mace (weapon in hand) Armor e - a +0 robe (being worn) n - a +0 small shield (being worn) q - a cursed -1 pair of leather gloves z - a blessed +1 Hawaiian shirt (being worn) Comestibles c - 2 cloves of garlic d - a sprig of wolfsbane k - a tin of kobold meat p - a food ration u - a lichen corpse Scrolls t - a scroll of enchant weapon v - a scroll of scare monster Spellbooks g - a spellbook of create monster h - a spellbook of detect monsters l - a spellbook of jumping Potions b - 4 potions of holy water o - a potion of confusion w - a cursed potion of confusion x - a potion of invisibility A - a potion of polymorph Wands f - a wand of cancellation (0:1) m - a wand of light (0:11) s - a wand of create monster (0:14) Tools i - a magic marker (0:74) Gems r - a jet y - 3 worthless pieces of orange glass Spells and supernatural/magical abilities: Name Level Category Fail Memory n - detect monsters 1 divination 0% 96% O - create monster 2 clerical 0% 96% W - pray for help -- divine ? -- X - turn undead -- divine ? -- Your skills at the end: Miscellaneous Skills shield [Basic] wands [Basic] Weapon Skills mace [Basic] Spellcasting Skills clerical spells [Basic] Final Attributes: You were piously aligned. You were stealthy. You are dead. Vanquished creatures: a gnome king a gnome lord a dwarf 4 gnomes 4 jackals a kobold 3 newts a goblin 4 sewer rats 2 grid bugs 2 lichens 24 creatures vanquished. Voluntary challenges: You did not adorn yourself with jewelry or accessories. You did not cause conflict. You were not invisible. You did not have reflection. You were not displaced. You were an atheist. You used a wielded weapon 26 times, starting on turn 1. You did not use tools. You did not use plumbed fixtures. You did not drink any magical draughts. You were illiterate. You never genocided any monsters. You never polymorphed an object. You never changed form. You used no wishes. You never split a pudding. You never wrote Elbereth's name. You never violated your personal moral code. Dungeon overview: The Dungeons of Doom: levels 1 to 3 Level 1 a long staircase Level 2 an altar to Manannan Mac Lir, a fountain Level 3 stairs to The Gnomish Mines The Gnomish Mines: Level 4 <- You were here stairs to The Dungeons of Doom History has recorded: On T:1 you entered the Dungeons of Doom to retrieve the Amulet of Yendor! On T:115 you reached level 2 of The Dungeons of Doom. On T:352 you reached level 3 of The Dungeons of Doom. On T:513 you advanced to experience level 2. On T:911 you reached level 1 of The Gnomish Mines. On T:953 you advanced to experience level 3. On T:969 you advanced to experience level 4. Score breakdown: Gold: 197 ( 19 points) Experience: 4 levels ( 300 points) Exploration: 4 levels ( 90 points) Discoveries: 13 items ( 650 points) Variety of kills: 11 monsters ( 550 points) Major goal: (nothing yet) ( 0 points) Survival: died (score multiplied by 3) Total score: 4827 Latest messages: You hear a zap and an explosion in the distance. You hear a blast. You kill it! Welcome to experience level 4. You hit the dwarf. The dwarf swings his broad pick at you. The dwarf hits you! You hit the dwarf. You kill the dwarf! You hear some noises. The jitterbug bites! You hit the giant bat. The giant bat bites! The jitterbug bites! Something is hit. The giant bat bites! The jitterbug bites! (2x) You stop. Kitty is in the way! The jitterbug just misses! The jitterbug bites! You displace kitty. You see here a dart. You hear some noises in the distance. You see here 2 darts. The gnomish wizard casts a spell at you! Your brain is on fire! You die... Final status: Goodbye woodfighter the Priestess, killed by a gnomish wizard... You died in The Gnomish Mines on dungeon level 4 with 4827 points, and 197 pieces of gold, after 991 moves. You were level 4 with a maximum of 39 hit points when you died.